 Dungeon Crawl Stone Soup version 0.26-a0-812-g31a745ddcd (webtiles) character file.

Game seed: 15793369796171986600

3536 kae the Ruffian (level 9, -1/74 HPs)
             Began as a Black Draconian Transmuter on Nov 24, 2020.
             Slain by a steam dragon (2 damage)
             ... on level 7 of the Dungeon.
             The game lasted 00:06:21 (9432 turns).

kae the Ruffian (Black Draconian Transmuter)        Turns: 9432, Time: 00:06:21

Health: -1/74      AC:  2    Str: 17    XL:     9   Next: 82%
Magic:  14/16      EV: 23    Int: 13    God:
Gold:   302        SH:  0    Dex: 16    Spells: 4/17 levels left

rFire    . . .     SeeInvis .     - Unarmed
rCold    + . .     Faith    .   (shield currently unavailable)
rNeg     + . .     Spirit   .   (armour unavailable)
rPois    x         Reflect  .   (helmet currently unavailable)
rElec    .         Harm     .   (cloak currently unavailable)
rCorr    .         Rampage  .   (gloves currently unavailable)
MR       .....                  (boots currently unavailable)
Stlth    +.........             (no amulet)
HPRegen  0.22/turn              c - ring of protection from cold
MPRegen  0.15/turn              j - ring of positive energy

@: spider-form (expiring)
A: tiny, (breathe lightning), unfitting armour, AC +7
a: End Transformation


You were on level 7 of the Dungeon.
You were a venomous arachnid creature.
You visited 1 branch of the dungeon, and saw 7 of its levels.

You collected 302 gold pieces.

Inventory:

Armour
 o - a +1 pair of gloves (melded)
 t - a +2 cloak (melded)
Jewellery
 c - a ring of protection from cold (left front leg)
 j - a ring of positive energy (right front leg)
 n - an uncursed ring of magical power
 y - an uncursed ring of ice
Wands
 m - a wand of disintegration (11)
 q - a wand of iceblast (7)
Scrolls
 b - a scroll of enchant armour
 d - 4 scrolls of fear
 e - 2 scrolls of immolation
 g - a scroll of magic mapping
 h - a scroll of identify
 i - 2 scrolls of teleportation
 w - 2 scrolls of remove curse
Potions
 a - 2 potions of mutation
 k - 2 potions of attraction
 r - 2 potions of lignification
 u - 2 potions of heal wounds {unknown}
 v - 2 potions of might {unknown}


   Skills:
 + Level 5.4 Fighting
 + Level 4.8 Dodging
 * Level 7.8 Unarmed Combat
 + Level 4.9 Spellcasting
 * Level 7.3 Transmutations
 * Level 3.1 Ice Magic
 - Level 3.0 Poison Magic


You had 4 spell levels left.
You knew the following spells:

 Your Spells              Type           Power        Failure   Level
a - Beastly Appendage     Tmut           ###...       4%          1
b - Spider Form           Tmut/Pois      ###.......   19%         3
c - Blade Hands           Tmut           ###.......   47%         5
d - Ice Form              Ice/Tmut       ###.....     43%         4

Your spell library contained the following spells:

 Spells                   Type           Power        Failure   Level
 Wereblood                Tmut           ###.....     6%          2
 Ensorcelled Hibernation  Hex/Ice        #.....       32%         2
 Corona                   Hex            #......      38%         1
 Confusing Touch          Hex            #.......     71%         3
 Dazzling Flash           Conj/Hex       #.....       71%         3
 Tukima's Dance           Hex            #.......     71%         3


Dungeon Overview and Level Annotations

Branches:
Dungeon (7/15)
 Temple: D:4-7

Altars:
Cheibriados
Okawaru
Qazlal

Annotations:
D:6 3 runed translucent doors, p0werm0de's ghost, novice DDFi


Innate Abilities, Weirdness & Mutations

((You can breathe wild blasts of lightning.))
((Your glossy black scales are hard. (AC +7)))
You cannot fit into any form of body armour.
((You are resistant to electric shocks. (rElec)))
((You are cold-blooded and may be slowed by cold attacks.))


Message History

The steam dragon bites you!
* * * LOW HITPOINT WARNING * * *
The steam dragon closely misses you.
You hit the steam dragon.
The steam dragon is poisoned.
The steam dragon is lightly wounded.
A nearby fungus withers and dies.
The steam dragon completely misses you. The steam dragon closely misses you.
You bite the steam dragon!
The steam dragon looks as sick as possible!
The steam dragon is moderately wounded.
The steam dragon breathes steam at you. The ball of steam hits you!
* * * LOW HITPOINT WARNING * * *
You feel better.
You are engulfed in a cloud of scalding steam.
* * * LOW HITPOINT WARNING * * *
The steam dragon bites you!
* * * LOW HITPOINT WARNING * * *
The steam dragon claws you.
You die...

# #.##..#).((..#..####.## #.#
###.....#(..............###.#
...###..#.........#####..##.#
##......(........##.PP##...>#
P########..#####.#P.≈P^##.###
PP.≈.≈≈P#########P≈...P≈#.#
.........≈.....≈.......P#.#
PP≈P≈≈.P........D.......#.#
P.≈P#######.≈≈≈.s≈P...P##.#
≈≈###.....#######≈≈..P^#..#
###.)...........###..###.##
##..######...#....####...#
##..#...))...#.#.......###
....#.#.)).....#..######
##..#.#.####.#....#
##.##.#(#........##
......#.#.##+#.####


You could see a steam dragon (extremely poisoned, catching breath).

Vanquished Creatures
  A two-headed ogre (D:7)
  Grinder (D:5)
  2 orc warriors
  2 black bears
  A necrophage (D:5)
  2 ice beasts
  A phantom (D:4)
  3 ogres
  4 centaurs (D:7)
  3 bullfrogs (D:6)
  2 scorpions
  3 killer bees
  3 wights (D:6)
  A bullfrog zombie (D:7)
  2 hounds (D:6)
  3 orc priests
  A centaur skeleton (D:6)
  2 iguanas
  4 worker ants
  3 orc wizards
  A hound zombie (D:7)
  7 gnolls
  10 adders
  2 shadow imps (D:6)
  A white imp (D:5)
  An ufetubus (D:6)
  An ooze (D:3)
  2 worms
  5 dart slugs
  32 orcs
  11 giant cockroaches
  6 goblins
  10 hobgoblins
  2 jackals (D:5)
  5 kobolds
  2 quokkas
  5 ball pythons
  7 bats
  5 frilled lizards
  3 quokka skeletons
  8 rats
170 creatures vanquished.

Vanquished Creatures (others)
  A steam dragon (D:7)
  2 fungi (D:7)
  7 plants (D:2)
10 creatures vanquished.

Grand Total: 180 creatures vanquished

Notes
Turn   | Place    | Note
-------+----------+-------------------------------------------
     0 | D:1      | kae the Draconian Transmuter began the quest for the Orb.
     0 | D:1      | Reached XP level 1. HP: 16/16 MP: 3/3
   289 | D:1      | Reached XP level 2. HP: 23/23 MP: 3/5
  1408 | D:2      | Reached XP level 3. HP: 22/28 MP: 4/6
  1440 | D:2      | Learned a level 3 spell: Spider Form
  1751 | D:2      | Reached XP level 4. HP: 33/36 MP: 5/7
  1897 | D:2      | Found a snail-covered altar of Cheibriados.
  2431 | D:3      | You fall into a shaft and drop 2 floors!
  2431 | D:5      | Entered Level 5 of the Dungeon
  2527 | D:5      | Noticed Grinder
  2530 | D:5      | Paralysed by Grinder for 5 turns
  2539 | D:5      | HP: 1/36 [Grinder/nerve-wracking pain (6)]
  2544 | D:5      | Killed Grinder
  2544 | D:5      | Reached skill level 1 in Poison Magic
  2544 | D:5      | Reached XP level 5. HP: 2/42 MP: 5/9
  2544 | D:5      | Reached XP level 6. HP: 2/50 MP: 5/10
  3253 | D:5      | HP: 2/50 [poisoned by a worker ant]
  3935 | D:5      | Your scales start taking on a glossy black colour.
  3935 | D:5      | Reached XP level 7. HP: 56/56 MP: 7/11
  3935 | D:5      | Gained mutation: You are resistant to electric shocks.
                  | (rElec) [Black Draconian growth]
  4087 | D:4      | Reached skill level 5 in Unarmed Combat
  5508 | D:4      | Found a stormy altar of Qazlal.
  5782 | D:4      | Reached skill level 5 in Transmutations
  5782 | D:4      | Reached XP level 8. HP: 62/66 MP: 11/13
  6192 | D:5      | Found an iron altar of Okawaru.
  7662 | D:6      | Reached XP level 9. HP: 60/72 MP: 13/15
  8010 | D:6      | Found a runed translucent gate.
  8010 | D:6      | Found a runed translucent gate.
  8010 | D:6      | Found a runed translucent gate.
  8010 | D:6      | Noticed p0werm0de's ghost (novice DDFi)
  8250 | D:7      | Learned a level 5 spell: Blade Hands
  8255 | D:7      | Learned a level 4 spell: Ice Form
  8510 | D:7      | Reached skill level 1 in Ice Magic
  8688 | D:7      | Noticed a two-headed ogre
  8708 | D:7      | Killed a two-headed ogre
  8708 | D:7      | Reached skill level 5 in Fighting
  9432 | D:7      | HP: 1/74 [steam dragon (8)]
  9432 | D:7      | Slain by a steam dragon

Illustrated notes

Levels and vault maps discovered:
D:1:      erik_arrival_cave_to_civilisation [erik_arrival_cave_to_temple],
          layout_loops_ring, chequers_serial_rivers_room_b,
          minmay_misc_feat_chi, minmay_small_reverse_x
D:2:      layout_loops_ring, wad_woods_river_04, cheibriados_altar_1
D:3:      layout_loops_ring
D:4:      layout_basic, lemuel_coloured_pillars_altar
D:5:      layout_basic, okawaru_ov_weapons_minmay, uniq_grinder
D:6:      layout_loops_corners, ebering_ghost_rock_garden, wad_floor_pattern_2
D:7:      kennysheep_steamy, layout_basic, minmay_temple_entry_nine_rooms

Skill      XL: |  1  2  3  4  5  6  7  8  9 |
---------------+----------------------------+-----
Dodging        | 2 3 4 |  4.8
Transmutations | 3 4 5 6 7 |  7.3
Fighting       | 2 3 4 5 |  5.4
Unarmed Combat | 4 5 6 7 |  7.8
Poison Magic   | 1 2 3 |  3.0
Spellcasting   | 3 4 |  4.9
Ice Magic      | 3 |  3.1

Action                   |  1- 3 |  4- 6 |  7- 9 || total
-------------------------+-------+-------+-------++-------
Melee: Unarmed           |    80 |    82 |   427 ||   589
       Kick              |    15 |     3 |       ||    18
       Headbutt          |    10 |     1 |       ||    11
       Tailslap          |     3 |     6 |     6 ||    15
       Punch             |       |     1 |     2 ||     3
 Cast: Beastly Appendage |    19 |     9 |       ||    28
       Spider Form       |       |     8 |    52 ||    60
 Abil: Breathe Lightning |       |       |     4 ||     4
  Use: Scroll            |       |       |    15 ||    15
       Potion            |       |       |     2 ||     2
 Stab: Sleeping          |     1 |     1 |       ||     2
Armor: Skin              |    18 |    17 |    42 ||    77
Dodge: Dodged            |    54 |    61 |   400 ||   515

Table legend: (Time is in decaauts)
 A = Elapsed time spent in this place.
 B = Non-inter-level travel time spent in this place.
 C = Inter-level travel time spent in this place.
 D = Time resting spent in this place.
 E = Time spent auto-exploring this place.
 F = Levels seen in this place.
 G = Mean time per level.
                   A        B        C        D        E       F      G
               +--------+--------+--------+--------+--------+-----+--------+
         Total |   9398 |   9104 |    294 |    663 |   7071 |   7 | 1342.6 |
       Dungeon |   9398 |   9104 |    294 |    663 |   7071 |   7 | 1342.6 |
               +--------+--------+--------+--------+--------+-----+--------+

Top non-repeatable levels by time:
     D:5: 1745 daAuts
     D:6: 1580 daAuts
     D:4: 1434 daAuts
     D:1: 1346 daAuts
     D:7: 1234 daAuts
     D:2: 1102 daAuts
     D:3: 954 daAuts
